 Dungeon Crawl Stone Soup version 0.29.0-4-gdea44cf6ec (webtiles) character file.

Game seed: 8553771162316773995

16 qw the Ruffian (level 2, -1/29 HPs)
             Began as a Troll Cinder Acolyte on Sept 3, 2022.
             Was a High Priest of Ignis.
             Succumbed to a gnoll's poison
             ... on level 1 of the Dungeon.
             The game lasted 00:00:17 (513 turns).

qw the Ruffian (Troll Cinder Acolyte)                Turns: 513, Time: 00:00:17

Health: -1/29      AC: 11    Str: 21    XL:     2   Next: 37%
Magic:  2/2        EV:  9    Int: 10    God:    Ignis [*****.]
Gold:   35         SH:  0    Dex:  5    Spells: 3/3 levels left

rFire   + . .      SeeInvis .     - Unarmed
rCold   . . .      Faith    .   (no shield)
rNeg    . . .      Spirit   .   a - +0 robe
rPois   .          Reflect  .   (helmet restricted)
rElec   .          Harm     .   (no cloak)
rCorr   .          Rampage  .   (gloves unavailable)
Will    .....                   (boots unavailable)
Stlth   +.........              (no amulet)
HPRegen 0.89/turn               (no ring)
MPRegen 0.08/turn               (no ring)

@: lethally poisoned (-1 -> -6), fiery-armoured
A: large, unfitting armour, claws 3, regeneration 1, shaggy fur 1, tough skin 1
a: Renounce Religion, Fiery Armour, Foxfire Swarm, Rising Flame


You were on level 1 of the Dungeon.
You worshipped Ignis.
Ignis was extremely pleased with you.
You visited 1 branch of the dungeon, and saw 1 of its levels.

You collected 35 gold pieces.


Innate Abilities, Weirdness & Mutations

You are too large for most types of armour.
You have claws for hands.
Your natural rate of healing is unusually fast.
You are covered in fur. (AC +1)
You have tough skin. (AC +1)


   Skills:
 - Level 2.4 Fighting
 + Level 3.8 Unarmed Combat
 - Level 1.0 Spellcasting
 - Level 2.1 Fire Magic


You had 3 spell levels left.
You didn't know any spells.
Your spell library contained the following spells:

 Spells                   Type           Power      Damage    Failure   Level
 Scorch                   Fire           8%         2d5       22%         2

Inventory:

Armour
 a - a +0 robe (worn)
Scrolls
 b - a scroll of fog {unknown}
 c - a scroll of identify {unknown}
Potions
 d - a potion of attraction {unknown}

Dungeon Overview and Level Annotations

Branches:
Dungeon (1/15)

Altars:


Message History

You closely miss the kobold.
The kobold is moderately wounded.
The kobold hits you with a +0 short sword.
You claw the kobold!
You kill the kobold!
You start resting.
HP restored.
You see here a +0 short sword.
A gnoll comes into view. It is wielding a +0 spear of venom.
503 ||| Stepping ~*~*~tactically~*~*~ (hiding).
Found 8 gold pieces.
You start waiting.
A gnoll is nearby!
The gnoll hits you with a +0 spear of venom.
You are poisoned.
You closely miss the gnoll.
You feel very sick.
The gnoll hits you with a +0 spear of venom.
You scratch the gnoll.
The gnoll is moderately wounded.
You feel sick.
The gnoll hits you with a +0 spear of venom.
You are lethally poisoned!
510 ||| INVOKING Fiery Armour.
A protective cloak of flame settles atop you.
You feel very sick. The gnoll hits you but does no damage.
The gnoll is burned by your cloak of flames.
The gnoll is heavily wounded.
You barely miss the gnoll.
The gnoll is heavily wounded.
You feel very sick. The gnoll closely misses you.
You barely miss the gnoll.
The gnoll is heavily wounded.
You feel very sick. The gnoll closely misses you.
You barely miss the gnoll.
The gnoll is heavily wounded.
You die...

.$ .................. #.
#..........###...#
#..#.....###..# #...# ..
#..#.....###..###...#
...#..#................#
........................
........................
#.##..##..####....
#@................
......g.##..##..####....
#....#..##......# #.....
#... #..#.......###.....
#.# #..##..##...##...##
# #..##..##...##...##
#..##..##....#.....
#..##..###.#.#).... #..#
#.#....##.


You could see a gnoll.

Vanquished Creatures
  A dart slug (D:1)
  2 ball pythons (D:1)
  An endoplasm (D:1)
  A hobgoblin (D:1)
  2 kobolds (D:1)
  2 quokkas (D:1)
  A bat (D:1)
  2 rats (D:1)
12 creatures vanquished.

Notes
Turn   | Place    | Note
-------+----------+-------------------------------------------
     0 | D:1      | qw the Troll Cinder Acolyte began the quest for the Orb.
     0 | D:1      | Reached XP level 1. HP: 22/22 MP: 1/1
     0 | D:1      | 0 ||| qw: Version: 0.1-a-100-g36b9a1f
     0 | D:1      | 0 ||| qw: Game counter: 5059
     0 | D:1      | 0 ||| qw: Always use a shield: true
     0 | D:1      | 0 ||| qw: God list: Okawaru
     0 | D:1      | 0 ||| qw: Allow faded altars: false
     0 | D:1      | 0 ||| qw: Do Orc after D:15 true
     0 | D:1      | 0 ||| qw: Do second Lair branch before Depths: true
     0 | D:1      | 0 ||| qw: Lair rune preference: random
     0 | D:1      | 0 ||| qw: Plans: Normal
     0 | D:1      | 0 ||| PLANNING D:1-11
     5 | D:1      | 5 ||| Stepping ~*~*~tactically~*~*~ (hiding).
   171 | D:1      | Reached XP level 2. HP: 26/29 MP: 2/2
   203 | D:1      | 203 ||| Stepping ~*~*~tactically~*~*~ (outnumbered).
   204 | D:1      | 204 ||| Stepping ~*~*~tactically~*~*~ (outnumbered).
   205 | D:1      | 205 ||| Stepping ~*~*~tactically~*~*~ (outnumbered).
   206 | D:1      | 206 ||| Stepping ~*~*~tactically~*~*~ (outnumbered).
   503 | D:1      | 503 ||| Stepping ~*~*~tactically~*~*~ (hiding).
   510 | D:1      | 510 ||| INVOKING Fiery Armour.
   510 | D:1      | HP: 7/29 [poisoned by a gnoll]
   512 | D:1      | HP: 1/29 [poisoned by a gnoll]
   513 | D:1      | Succumbed to a gnoll's poison

Levels and vault maps discovered:
D:1:      dpeg_arrival_stonehenge_12_columns, layout_basic

Action                   || total
-------------------------++-------
Melee: Unarmed           ||    43
       Punch             ||     1
Invok: Fiery Armour      ||     1
Armor: Robe              ||    11
Dodge: Dodged            ||    20

Table legend:
 A = Non-vault XP
 B = Vault XP
 C = Vault XP percentage of total XP
 D = Non-vault monster count
 E = Vault monster count
 F = Vault count percentage of total count
                 A         B        C        D         E       F
            +---------+---------+-------+---------+---------+-------
      Total |      23 |       0 |   0.0 |      12 |       0 |   0.0
            +---------+---------+-------+---------+---------+-------
        D:1 |      23 |       0 |   0.0 |      12 |       0 |   0.0
            +---------+---------+-------+---------+---------+-------
